 Dungeon Crawl Stone Soup version 0.30-a0-241-g1121274140 (webtiles) character file.

Game seed: 9443420589618532991

74 sleeves the Slasher (level 4, -4/35 HPs)
             Began as a Demonspawn Cinder Acolyte on Oct 10, 2022.
             Was a High Priest of Ignis.
             Slain by Grinder (8 damage)
             ... on level 3 of the Dungeon.
             The game lasted 00:01:54 (1823 turns).

sleeves the Slasher (Demonspawn Cinder Acolyte)     Turns: 1823, Time: 00:01:54

Health: -4/35      AC:  9    Str: 16    XL:     4   Next: 9%
Magic:  0/5        EV:  8    Int: 16    God:    Ignis [*****.]
Gold:   160        SH:  2    Dex:  8    Spells: 5/5 levels left

rFire   + . .      SeeInvis +    h - +3 short sword
rCold   . . .      Faith    .    c - +0 buckler
rNeg    . . .      Spirit   +    q - +0 scale mail
rPois   .          Reflect  .    l - +0 helmet
rElec   .          Harm     .    s - +1 cloak
rCorr   .          Rampage  .    (no gloves)
Will    .....                    (no boots)
Stlth   ..........               p - amulet of guardian spirit
HPRegen 0.25/turn                b - ring of see invisible
MPRegen 0.09/turn                (no ring)

@: no status effects
A: spiny 1
a: Renounce Religion, Fiery Armour, Foxfire Swarm, Rising Flame


You were on level 3 of the Dungeon.
You worshipped Ignis.
Ignis was extremely pleased with you.
You visited 1 branch of the dungeon, and saw 3 of its levels.

You collected 160 gold pieces.

Inventory:

Hand Weapons
 a - a -1 falchion of flaming
 h - a +3 short sword (weapon)
   (You took it off a kobold on level 2 of the Dungeon)
 w - a +0 long sword
   (You found it on level 3 of the Dungeon)
Armour
 c - a +0 buckler (worn)
   (You found it on level 1 of the Dungeon)
 l - a +0 helmet (worn)
   (You found it on level 3 of the Dungeon)
 q - a +0 scale mail (worn)
   (You found it on level 3 of the Dungeon)
 s - a +1 cloak (worn)
   (You found it on level 3 of the Dungeon)
Jewellery
 b - a ring of see invisible (left hand)
   (You found it on level 2 of the Dungeon)
 p - an amulet of guardian spirit (around neck)
   (You found it on level 2 of the Dungeon)
Scrolls
 e - a scroll of teleportation {unknown}
 f - a scroll of enchant weapon {unknown}
 i - a scroll of silence {unknown}
 k - 2 scrolls of identify {unknown}
 m - a scroll of fog {unknown}
 t - 2 scrolls of magic mapping {unknown}
 u - a scroll of vulnerability {unknown}
Potions
 d - a potion of lignification {unknown}
 g - a potion of flight {unknown}
 j - a potion of mutation {unknown}
 n - a potion of experience {unknown}
 o - a potion of heal wounds {unknown}
 r - a potion of curing {unknown}
 v - a potion of might {unknown}


   Skills:
 - Level 3.0 Fighting
 + Level 4.5 Long Blades
 - Level 1.0 Spellcasting
 - Level 2.6 Fire Magic


You had 5 spell levels left.
You didn't know any spells.
Your spell library contained the following spells:

 Spells                   Type           Power      Damage    Failure   Level
 Scorch                   Fire           18%        2d5       52%         2
 Apportation              Tloc           0%         N/A       77%         1
 Ensorcelled Hibernation  Hex/Ice        0%         N/A       88%         2
 Passwall                 Tmut/Erth      0%         N/A       88%         2
 Gell's Gravitas          Tloc           0%         N/A       98%         3
 Swiftness                Air            0%         N/A       98%         3
 Teleport Other           Tloc           0%         N/A       98%         3
 Alistair's Intoxication  Tmut/Pois      0%         N/A       100%        5
 Dispersal                Tloc           0%         N/A       100%        6


Dungeon Overview and Level Annotations

Branches:
Dungeon (3/15)

Altars:

Annotations:
D:3 Grinder


Innate Abilities, Weirdness & Mutations

You are partially covered in sharp spines.


Message History

Welcome, sleeves the Demonspawn Cinder Acolyte.
Will you be the one to retrieve the wondrous Orb of Zot from the depths?
The flames of Ignis gently warm you.
Press ? for a list of commands and other information.
Found a buckler.
Found a staircase leading out of the dungeon.
You see here a +0 buckler.
c - a +0 buckler You start putting on your armour.
You continue putting on your +0 buckler. x4
You finish putting on your +0 buckler.
There's something in the way.
There's something in the way.
There's something in the way.
You swing at nothing.
You swing at nothing.
You swing at nothing.
You swing at nothing.
You swing at nothing.
You pick up a There-And-Back Book and begin reading...
You add the spells Gell's Gravitas, Teleport Other and Dispersal to your library.
You now have 4 gold pieces.
A jackal comes into view.
The jackal barks!
You hear a bark!
A jackal comes into view.
There are monsters nearby!
You see here 10 gold pieces.
You hit the jackal. You burn the jackal.
You kill the jackal!
You barely miss the jackal. The jackal barely misses you. The jackal bites you.
You hit the jackal. You burn the jackal.
You kill the jackal!
No target in view!
No target in view!
No target in view!
No target in view!
No target in view!
No target in view!
No target in view!
No target in view!
No target in view!
No target in view!
No target in view!
No target in view!
No target in view!
HP restored.
You now have 14 gold pieces (gained 10).
Found a stone staircase leading down.
A bat comes into view.
Found 4 gold pieces.
The bat hits you but does no damage.
A bat is nearby!
Found a short sword.
The bat completely misses you.
You hit the bat. You burn the bat.
You kill the bat!
Your Long Blades skill increases to level 3!
No target in view!
No target in view!
No target in view!
No target in view!
No target in view!
No target in view!
No target in view!
No target in view!
No target in view!
No target in view!
You now have 18 gold pieces (gained 4).
There is a shaft here.
Found a short sword.
You now have 27 gold pieces (gained 9).
A quokka comes into view.
Found a murky inky potion.
A quokka is nearby!
You hit the quokka. You burn the quokka.
The quokka is severely wounded.
The quokka barely misses you.
You miss the quokka.
The quokka is severely wounded.
The quokka barely misses you. The quokka bites you.
You hit the quokka but do no damage.
The quokka is severely wounded.
The quokka closely misses you.
You closely miss the quokka.
The quokka is severely wounded.
The quokka bites you.
The quokka bites you but does no damage.
You closely miss the quokka.
The quokka is severely wounded.
The quokka bites you.
You are too injured to fight recklessly!
You are too injured to fight recklessly!
You are too injured to fight recklessly!
You are too injured to fight recklessly!
You are too injured to fight recklessly!
You are too injured to fight recklessly!
You are too injured to fight recklessly!
You closely miss the quokka.
The quokka is severely wounded.
The quokka closely misses you. The quokka misses you.
You miss the quokka.
The quokka is severely wounded.
You block the quokka's attack.
You closely miss the quokka.
The quokka is severely wounded.
The quokka bites you.
You barely miss the quokka.
The quokka is severely wounded.
The quokka bites you.
* * * LOW HITPOINT WARNING * * *
The quokka bites you.
* * * LOW HITPOINT WARNING * * *
You hit the quokka. You burn the quokka.
You kill the quokka!
Found a stone staircase leading down.
You pick up a book of Burglary and begin reading...
You add the spells Passwall, Ensorcelled Hibernation and Swiftness to your library.
d - a murky inky potion
Found a dagger.
A goblin comes into view. It is wielding a +0 dagger.
The goblin shouts!
The goblin hits you with a +0 dagger.
You hit the goblin. You burn the goblin.
The goblin is severely wounded.
The goblin hits you with a +0 dagger.
You are too injured to fight recklessly!
You are too injured to fight recklessly!
You are too injured to fight recklessly!
You are too injured to fight recklessly!
You are too injured to fight recklessly!
You are too injured to fight recklessly!
You miss the goblin.
The goblin is heavily wounded.
The goblin hits you with a +0 dagger. The goblin barely misses you.
You slash the goblin! You burn the goblin.
You kill the goblin!
You see here a +0 dagger.
You see here a +0 dagger.
You now have 42 gold pieces (gained 15).
A ball python comes into view.
You see here a scroll labelled TUXZAY COPHO.
A ball python is nearby!
A ball python is nearby!
A hobgoblin comes into view.
The hobgoblin shouts!
The ball python hisses angrily.
You hit the ball python. You burn the ball python.
You kill the ball python!
You closely miss the hobgoblin.
The hobgoblin hits you but does no damage.
You closely miss the hobgoblin. The hobgoblin barely misses you.
The hobgoblin misses you.
You hit the hobgoblin. You burn the hobgoblin.
You kill the hobgoblin!
You have reached level 2!
Your demonic ancestry asserts itself...
Sharp spines emerge from parts of your body.
e - a scroll labelled TUXZAY COPHO A goblin comes into view.
It is wielding a +0 club.
A goblin is nearby!
The goblin shouts!
The goblin misses you.
You hit the goblin but do no damage. The goblin is struck by your spines.
The goblin barely misses you.
You barely miss the goblin.
The goblin is moderately wounded.
The goblin hits you with a +0 club.
You hit the goblin but do no damage. The goblin is struck by your spines.
You kill the goblin!
No target in view!
No target in view!
No target in view!
A quokka comes into view.
A quokka is nearby!
A quokka is nearby!
You barely miss the quokka. The quokka is struck by your spines.
The quokka bites you.
You closely miss the quokka.
The quokka is heavily wounded.
The quokka completely misses you. The quokka misses you.
You hit the quokka but do no damage.
The quokka is heavily wounded.
The quokka misses you.
You miss the quokka.
The quokka is heavily wounded.
The quokka bites you.
You barely miss the quokka.
The quokka is heavily wounded.
The quokka barely misses you. The quokka bites you.
You closely miss the quokka.
The quokka is heavily wounded.
The quokka is struck by your spines. The quokka bites you.
You closely miss the quokka.
The quokka is severely wounded.
The quokka bites you. The quokka is struck by your spines.
The quokka barely misses you.
You are too injured to fight recklessly!
You are too injured to fight recklessly!
You are too injured to fight recklessly!
You are too injured to fight recklessly!
A quokka is nearby!
A quokka is nearby!
A quokka is nearby!
You hit the quokka. You burn the quokka.
You kill the quokka!
You see here a quokka corpse.
A goblin and a bat come into view.
The bat is struck by your spines.
You kill the bat!
A goblin is nearby!
A goblin is nearby!
The goblin hits you with a +0 club.
You closely miss the goblin. The goblin hits you with a +0 club.
You hit the goblin but do no damage. The goblin hits you with a +0 club. x2
You closely miss the goblin. The goblin is struck by your spines.
You kill the goblin!
No target in view!
No target in view!
No target in view!
No target in view!
No target in view!
No target in view!
No target in view!
No target in view!
Things that are here:
a +0 club; a goblin corpse A ball python comes into view.
You see here a scroll labelled GUBBIA ARIMURPHEN.
A ball python is nearby!
A ball python is nearby!
The ball python hisses angrily.
You hit the ball python. You burn the ball python.
You kill the ball python!
No target in view!
No target in view!
No target in view!
No target in view!
No target in view!
No target in view!
No target in view!
No target in view!
No target in view!
f - a scroll labelled GUBBIA ARIMURPHEN
Found a stone staircase leading down.
There is a stone staircase leading down here.
Key pressed, stopping explore.
No target in view!
No target in view!
No target in view!
No target in view!
No target in view!
No target in view!
No target in view!
No target in view!
A bat comes into view.
A bat is nearby!
You closely miss the bat. The bat misses you.
You closely miss the bat. The bat barely misses you.
The bat hits you but does no damage.
You closely miss the bat. The bat is struck by your spines.
The bat closely misses you.
You hit the bat. You burn the bat.
You kill the bat!
No target in view!
No target in view!
No target in view!
No target in view!
Found a ring mail.
You see here a +0 ring mail.
Found a whip.
No target in view!
No target in view!
No target in view!
No target in view!
No target in view!
You see here a +0 whip.
A bat comes into view.
The bat is struck by your spines. The bat closely misses you.
A bat is nearby!
A bat is nearby!
You hit the bat but do no damage.
The bat is severely wounded.
The bat hits you. You block the bat's attack.
You hit the bat. You burn the bat.
You kill the bat!
No target in view!
No target in view!
No target in view!
No target in view!
No target in view!
No target in view!
No target in view!
A rat comes into view.
You see here 16 gold pieces.
A rat is nearby!
A rat is nearby!
The rat bites you but does no damage.
You closely miss the rat. The rat bites you. The rat is struck by your spines.
The rat bites you.
You completely miss the rat.
The rat is moderately wounded.
The rat is struck by your spines. The rat bites you.
You hit the rat. You burn the rat.
You kill the rat!
No target in view!
No target in view!
No target in view!
No target in view!
You now have 58 gold pieces (gained 16).
Done exploring.
Done exploring.
Done exploring.
No target in view!
No target in view!
(D) Dungeon
Where to? (? - help)
There is a stone staircase leading down here.
You climb downwards.
Found 7 stones, a green potion and 5 gold pieces.
There is a stone staircase leading up here.
An adder is nearby!
An adder is nearby!
An adder is nearby!
You hit the adder. You burn the adder.
The adder is heavily wounded.
The adder bites you but does no damage. The adder barely misses you.
You barely miss the adder.
The adder is heavily wounded.
The adder closely misses you.
You hit the adder. You burn the adder.
The adder is almost dead.
The adder bites you. The adder is struck by your spines.
You kill the adder!
No target in view!
No target in view!
No target in view!
HP restored.
Found a stone staircase leading down.
g - a green potion You now have 63 gold pieces (gained 5).
You pick up a book of Party Tricks and begin reading...
You add the spells Apportation and Alistair's Intoxication to your library.
Found a chain mail.
No target in view!
A kobold comes into view. It is wielding a +3 short sword.
Found a scroll labelled SIYMUJUNIGG.
The kobold shouts!
A hobgoblin comes into view.
There are monsters nearby!
The hobgoblin shouts!
Found a fuming silvery potion.
The kobold is struck by your spines.
You kill the kobold!
You have reached level 3!
Your experience leads to an increase in your attributes!
Increase (S)trength, (I)ntelligence, or (D)exterity?
You feel stronger. x2
You hit the hobgoblin. You burn the hobgoblin.
The hobgoblin is heavily wounded.
The hobgoblin closely misses you.
A goblin comes into view. It is wielding a +0 dagger.
You barely miss the hobgoblin.
The hobgoblin is heavily wounded.
The hobgoblin closely misses you.
You hit the hobgoblin but do no damage.
The hobgoblin is heavily wounded.
You block the hobgoblin's attack.
The hobgoblin hits you but does no damage.
You hit the hobgoblin. You burn the hobgoblin.
You kill the hobgoblin!
An adder comes into view.
You see here a +3 short sword.
You hit the goblin. You burn the goblin.
The goblin is heavily wounded.
The goblin is struck by your spines.
You kill the goblin!
You see here a +0 dagger.
You see here a +3 short sword.
h - a +3 short sword Your -1 falchion of flaming stops flaming.
h - a +3 short sword (weapon)
The adder barely misses you.
You closely miss the adder. The adder bites you.
You are poisoned.
The adder poisons you!
You hit the adder.
The adder is lightly wounded.
You feel sick. You block the adder's attack.
You hit the adder.
The adder is heavily wounded.
You feel sick. The adder barely misses you.
You miss the adder.
The adder is heavily wounded.
You feel sick. You block the adder's attack.
You closely miss the adder.
The adder is heavily wounded.
You feel sick. The adder bites you. The adder bites you but does no damage.
You hit the adder.
The adder is severely wounded.
You feel sick. The adder is struck by your spines. The adder bites you.
You are more poisoned.
The adder poisons you!
You miss the adder.
The adder is almost dead.
You feel sick. The adder is struck by your spines. The adder barely misses you.
You are too injured to fight recklessly!
You are too injured to fight recklessly!
An adder is nearby!
An adder is nearby!
You are too injured to fight recklessly!
You are too injured to fight recklessly!
You hit the adder.
You kill the adder!
You feel sick.
Your Long Blades skill increases to level 4!
You start resting.
You feel sick. x4
You are no longer poisoned.
HP restored.
You see here a +0 dagger.
i - a scroll labelled SIYMUJUNIGG
j - a fuming silvery potion
Found a dagger.
No target in view!
No target in view!
No target in view!
No target in view!
No target in view!
You now have 80 gold pieces (gained 17).
k - a scroll labelled SIRAOG NIXIY A dart slug comes into view.
Found a stone staircase leading down.
A dart slug is nearby!
Found a leather armour.
A rat comes into view.
The dart slug launches a dart at you. The slug dart misses you.
You hit the dart slug.
The dart slug is heavily wounded.
You hit the dart slug.
The dart slug is severely wounded.
The dart slug launches a dart at you. The slug dart hits you.
You hit the dart slug.
The dart slug is almost dead.
The dart slug launches a dart at you. The slug dart hits you.
You hit the dart slug.
You kill the dart slug!
The rat bites you.
You hit the rat.
The rat is moderately wounded.
The rat barely misses you.
You completely miss the rat.
The rat is moderately wounded.
You completely miss the rat.
The rat is moderately wounded.
You block the rat's attack.
You barely miss the rat.
The rat is moderately wounded.
The rat bites you.
You are too injured to fight recklessly!
A rat is nearby!
A rat is nearby!
You are too injured to fight recklessly!
You hit the rat.
The rat is severely wounded.
The rat bites you but does no damage.
You hit the rat but do no damage.
The rat is severely wounded.
The rat closely misses you.
You hit the rat but do no damage.
The rat is severely wounded.
The rat closely misses you.
You closely miss the rat.
The rat is severely wounded.
The rat bites you. The rat attacks as you move away!
The rat is struck by your spines.
You kill the rat!
You see here a +0 leather armour.
l - a +0 leather armour You start removing your armour.
You continue taking off your +0 robe. x4
You finish taking off your +0 robe.
You start putting on your armour.
You continue putting on your +0 leather armour. x5
You finish putting on your +0 leather armour.
You drop a +0 robe.
Found a stone staircase leading up.
b - a ring of see invisible
There is a stone staircase leading up here.
An adder comes into view.
Found a spear.
The adder hisses angrily.
The adder moves out of view.
No target in view!
No target in view!
An endoplasm comes into view.
There are monsters nearby!
There are monsters nearby!
You closely miss the adder. The adder closely misses you.
The adder is struck by your spines. The adder completely misses you.
You barely miss the adder.
The adder is moderately wounded.
The adder is struck by your spines. The adder bites you.
You closely miss the adder.
The adder is moderately wounded.
The adder is struck by your spines. The adder bites you but does no damage.
You hit the adder.
The adder is almost dead.
The adder is struck by your spines.
You kill the adder!
You hit the endoplasm.
The endoplasm is lightly wounded.
The endoplasm freezes you.
You are frozen.
You hit the endoplasm.
The endoplasm is moderately wounded.
The endoplasm is struck by your spines.
You kill the endoplasm!
No target in view!
No target in view!
No target in view!
No target in view!
No target in view!
No target in view!
No target in view!
No target in view!
No target in view!
No target in view!
No target in view!
No target in view!
You now have 92 gold pieces (gained 12).
You see here an adder corpse.
A ball python comes into view.
The ball python hisses angrily.
A ball python is nearby!
A ball python is nearby!
You hit the ball python.
You kill the ball python!
No target in view!
No target in view!
No target in view!
No target in view!
No target in view!
No target in view!
No target in view!
A bat comes into view.
A bat is nearby!
A bat is nearby!
The bat closely misses you.
You closely miss the bat. The bat is struck by your spines.
You kill the bat!
No target in view!
No target in view!
No target in view!
No target in view!
No target in view!
No target in view!
A frilled lizard comes into view.
The frilled lizard hisses angrily.
A frilled lizard is nearby!
The frilled lizard bites you.
You miss the frilled lizard. The frilled lizard closely misses you.
A rat comes into view.
You closely miss the frilled lizard.
The frilled lizard is struck by your spines.
You kill the frilled lizard!
You hit the rat.
You kill the rat!
No target in view!
No target in view!
No target in view!
No target in view!
No target in view!
You see here a frilled lizard corpse.
Found a robe.
Found a stone staircase leading down.
No target in view!
No target in view!
No target in view!
No target in view!
No target in view!
No target in view!
No target in view!
No target in view!
There is a stone staircase leading down here.
A rat comes into view.
Found a fuming red potion.
The rat moves out of view.
A rat is nearby!
You barely miss the rat. The rat barely misses you.
You hit the rat.
You kill the rat!
No target in view!
No target in view!
No target in view!
No target in view!
No target in view!
No target in view!
m - a scroll labelled KICIHERIJE
n - a fuming red potion A ball python comes into view.
You hit the ball python.
You kill the ball python!
No target in view!
No target in view!
No target in view!
No target in view!
No target in view!
k - 2 scrolls labelled SIRAOG NIXIY (gained 1)
You see here the +7 whip of False Hope {holy, rPois Will- Dex+4}.
o - a fizzy inky potion No target in view!
No target in view!
No target in view!
No target in view!
No target in view!
You now have 109 gold pieces (gained 17).
A dart slug comes into view.
A dart slug is nearby!
A dart slug is nearby!
You hit the dart slug.
The dart slug is severely wounded.
The dart slug is struck by your spines.
You kill the dart slug!
No target in view!
No target in view!
No target in view!
No target in view!
No target in view!
No target in view!
No target in view!
A hobgoblin comes into view.
The hobgoblin shouts!
A hobgoblin is nearby!
A hobgoblin is nearby!
Found 4 stones.
The hobgoblin is struck by your spines. The hobgoblin misses you.
You closely miss the hobgoblin.
The hobgoblin is severely wounded.
The hobgoblin closely misses you.
You closely miss the hobgoblin.
The hobgoblin is severely wounded.
The hobgoblin is struck by your spines. The hobgoblin hits you.
You hit the hobgoblin.
You kill the hobgoblin!
No target in view!
No target in view!
No target in view!
No target in view!
No target in view!
Found 6 stones.
You now have 120 gold pieces (gained 11).
You now have 133 gold pieces (gained 13).
You see here a +0 dagger.
Found a stone staircase leading up.
A hobgoblin comes into view.
The hobgoblin shouts!
You see here an amulet of guardian spirit.
The hobgoblin is struck by your spines. The hobgoblin barely misses you.
You hit the hobgoblin.
You kill the hobgoblin!
No target in view!
No target in view!
No target in view!
No target in view!
No target in view!
No target in view!
No target in view!
No target in view!
p - an amulet of guardian spirit You start putting on your amulet.
You continue putting on your amulet of guardian spirit. x5
You finish putting on your amulet of guardian spirit.
You feel your power drawn to a protective spirit.
p - an amulet of guardian spirit (around neck)
You now have 143 gold pieces (gained 10).
Done exploring.
b - a ring of see invisible (left hand) Done exploring.
Done exploring.
Done exploring.
(D) Dungeon
Where to? (Enter - D:2, ? - help)
You see here a rat skeleton.
You see here a frilled lizard skeleton.
There is a stone staircase leading down here.
You climb downwards.
There is a stone staircase leading up here.
Found a scale mail.
Found a stone staircase leading down.
A ball python comes into view.
The ball python hisses angrily.
There is a stone staircase leading down here.
The ball python is struck by your spines.
You kill the ball python!
No target in view!
Search for what [? for help]? armor
There is a stone staircase leading down here.
You see here a +0 scale mail.
q - a +0 scale mail You start removing your armour.
You continue taking off your +0 leather armour. x4
You finish taking off your +0 leather armour.
You start putting on your armour.
You continue putting on your +0 scale mail. x5
You finish putting on your +0 scale mail.
You drop a +0 leather armour.
l - a +0 helmet A goblin comes into view.
It is wielding a +0 dagger.
The goblin shouts!
A goblin is nearby!
You hit the goblin.
You kill the goblin!
No target in view!
No target in view!
No target in view!
No target in view!
No target in view!
No target in view!
No target in view!
You now have 151 gold pieces (gained 8).
r - a dark potion
Found a whip.
s - a +1 cloak No target in view!
No target in view!
No target in view!
No target in view!
You start putting on your armour.
You continue putting on your +1 cloak. x4
You finish putting on your +1 cloak.
Found 3 poisoned darts.
You start putting on your armour.
You continue putting on your +0 helmet. x4
You finish putting on your +0 helmet.
t - a scroll labelled FECISOXZOPP
Found a stone staircase leading down.
No target in view!
No target in view!
No target in view!
No target in view!
No target in view!
No target in view!
No target in view!
No target in view!
You now have 160 gold pieces (gained 9).
u - a scroll labelled YSOROIDAPLYE
v - a glowing cyan potion
t - 2 scrolls labelled FECISOXZOPP (gained 1)
Found a long sword.
A worm comes into view.
A worm is nearby!
The worm bites you!
You puncture the worm!
The worm is moderately wounded.
You hit the worm.
The worm is heavily wounded.
A jackal comes into view.
The worm bites you but does no damage.
The jackal moves out of view.
You hit the worm.
The worm is heavily wounded.
You hit the worm.
The worm is severely wounded.
The worm is struck by your spines. The worm bites you.
You are too injured to fight recklessly!
You are too injured to fight recklessly!
You are too injured to fight recklessly!
You are too injured to fight recklessly!
You are too injured to fight recklessly!
You are too injured to fight recklessly!
You hit the worm.
The worm is almost dead.
You hit the worm.
You kill the worm!
You have reached level 4!
You feel clever.
A giant cockroach comes into view.
You see here a +0 long sword.
w - a +0 long sword The giant cockroach bites you but does no damage.
The giant cockroach is struck by your spines.
The giant cockroach bites you but does no damage.
You hit the giant cockroach.
The giant cockroach is heavily wounded.
The giant cockroach closely misses you.
You hit the giant cockroach.
You kill the giant cockroach!
No target in view!
No target in view!
No target in view!
No target in view!
No target in view!
Magic restored.
HP restored.
A jackal is nearby!
A jackal is nearby!
A jackal is nearby!
An endoplasm comes into view.
The jackal barks!
The endoplasm quivers.
The jackal is struck by your spines.
The jackal bites you but does no damage.
You barely miss the jackal.
The jackal is heavily wounded.
The jackal is struck by your spines.
The jackal bites you but does no damage.
The endoplasm jiggles.
The endoplasm freezes you.
You are frozen.
You miss the jackal.
The jackal is almost dead.
The jackal barely misses you.
You hit the jackal.
You kill the jackal!
You block the endoplasm's attack.
You barely miss the endoplasm. The endoplasm is struck by your spines.
The endoplasm hits you but does no damage.
You hit the endoplasm.
The endoplasm is almost dead.
The endoplasm freezes you.
You are frozen.
You hit the endoplasm but do no damage.
The endoplasm is almost dead.
The endoplasm is struck by your spines.
You kill the endoplasm!
No target in view!
No target in view!
No target in view!
No target in view!
No target in view!
No target in view!
You see here a jackal corpse.
Found 2 stones.
Found a barding.
Found a stone staircase leading up.
Grinder comes into view.
Grinder shouts!
Grinder blinks!
Grinder moves out of view.
No target in view!
No target in view!
No target in view!
No target in view!
No target in view!
Grinder is nearby!
You hit Grinder.
Grinder is lightly wounded.
Grinder barely misses you.
You closely miss Grinder.
Grinder is lightly wounded.
Grinder gestures at you. You resist with significant effort.
You hit Grinder.
Grinder is lightly wounded.
Grinder is struck by your spines. Grinder barely misses you.
You hit Grinder.
Grinder is moderately wounded.
Grinder is struck by your spines. Grinder hits you but does no damage.
You closely miss Grinder.
Grinder is heavily wounded.
Grinder is struck by your spines. Grinder hits you.
You writhe in agony.
You hit Grinder but do no damage.
Grinder is severely wounded.
Grinder says, "There's only one good use for a tongue: cutting it out."
Grinder hits you.
You hit Grinder.
Grinder is severely wounded.
You hit Grinder.
Grinder is severely wounded.
Grinder hits you.
You writhe in agony.
* * * LOW HITPOINT WARNING * * *
You are too injured to fight recklessly!
You are too injured to fight recklessly!
You are too injured to fight recklessly!
You are too injured to fight recklessly!
You are too injured to fight recklessly!
You are too injured to fight recklessly!
You are too injured to fight recklessly!
You are too injured to fight recklessly!
You are too injured to fight recklessly!
You are too injured to fight recklessly!
You are too injured to fight recklessly!
You are too injured to fight recklessly!
Unknown command.
Unknown command.
You hit Grinder.
Grinder is almost dead.
Grinder hits you.
You writhe in agony.
* * * LOW HITPOINT WARNING * * *
You barely miss Grinder.
Grinder is almost dead.
Grinder hits you!
* * * LOW HITPOINT WARNING * * *
You writhe in agony.
* * * LOW HITPOINT WARNING * * *
You hit Grinder.
Grinder is almost dead.
Grinder hits you!
* * * LOW MAGIC WARNING * * *
You die...

. #.# #.#### ##### #.#
.##.# #....## #.#
..#.## ... #.# .....#
..# #># ..#..## ..# #.#
......## ..# #......
##..#..##..##########.#
#.#####
#..###.....(.....5....#
#...#..##..####.@#
..#...## ..# #..#
.)##.## ..# #..##
..##.# ..####...###.#
..##.# .............#
..##.#.# ######.#.#####
..##.#.# #.#.# .....#.#
#.#.# ..####.#
####...#<#


You could see Grinder.

Vanquished Creatures
  3 adders (D:2)
  A worm (D:3)
  2 dart slugs (D:2)
  5 bats
  2 endoplasms
  A giant cockroach (D:3)
  5 goblins
  4 hobgoblins
  3 jackals
  A kobold (D:2)
  2 quokkas (D:1)
  5 ball pythons
  A frilled lizard (D:2)
  4 rats
39 creatures vanquished.

Notes
Turn   | Place    | Note
-------+----------+-------------------------------------------
     0 | D:1      | sleeves the Demonspawn Cinder Acolyte began the quest for
                  | the Orb.
     0 | D:1      | Reached XP level 1. HP: 18/18 MP: 2/2
    83 | D:1      | Reached skill level 3 in Long Blades
   149 | D:1      | HP: 6/18 [quokka (4)]
   343 | D:1      | Gained mutation: You are partially covered in sharp spines.
                  | [demonic ancestry]
   343 | D:1      | Reached XP level 2. HP: 24/24 MP: 3/3
   840 | D:2      | Reached XP level 3. HP: 29/29 MP: 4/4
   859 | D:2      | Reached skill level 4 in Long Blades
  1268 | D:2      | Identified the +7 whip of False Hope {holy, rPois Will-
                  | Dex+4}
  1710 | D:3      | Reached XP level 4. HP: 23/35 MP: 3/5
  1809 | D:3      | Noticed Grinder
  1820 | D:3      | HP: 17/35 [Grinder (6)]
  1822 | D:3      | HP: 8/35 [Grinder (8)]
  1823 | D:3      | Slain by Grinder

Illustrated notes

Levels and vault maps discovered:
D:1:      roderic_chinese_lattice_arrival, layout_loops_ring
D:2:      layout_basic
D:3:      layout_loops_ring, slow_altar_2, uniq_grinder

Skill      XL: |  1  2  3 |
---------------+----------+-----
Long Blades    | 3 4 |  4.5
Fighting       | |  3.0
Spellcasting   | |  1.0
Fire Magic     | |  2.6

Action                   |  1- 3 |  4- 6 || total
-------------------------+-------+-------++-------
Melee: Falchion          |    53 |       ||    53
       Short sword       |    46 |    19 ||    65
Armor: Robe              |     9 |       ||     9
       Scale mail        |     1 |     6 ||     7
       Leather armour    |     1 |       ||     1
Dodge: Dodged            |    40 |     4 ||    44
Block: Buckler           |     6 |     1 ||     7

Table legend: (Time is in decaauts)
 A = Elapsed time spent in this place.
 B = Non-inter-level travel time spent in this place.
 C = Inter-level travel time spent in this place.
 D = Time resting spent in this place.
 E = Time spent auto-exploring this place.
 F = Levels seen in this place.
 G = Mean time per level.
                   A        B        C        D        E       F      G
               +--------+--------+--------+--------+--------+-----+--------+
         Total |   1827 |   1746 |     81 |      4 |   1424 |   3 |  609.0 |
       Dungeon |   1827 |   1746 |     81 |      4 |   1424 |   3 |  609.0 |
               +--------+--------+--------+--------+--------+-----+--------+

Top non-repeatable levels by time:
     D:1: 795 daAuts
     D:2: 727 daAuts
     D:3: 304 daAuts
